 Dungeon Crawl Stone Soup version 0.24.0-125-gc4c63601f3 (webtiles) character file.

Game seed: 11419652370687226191, levelgen mode: deterministic

593 Lemonice the Cutter (level 7, -19/46 HPs)
             Began as a Halfling Warper on Feb 20, 2020.
             Demolished by an ogre
             ... wielding a +0 giant spiked club
              (29 damage)
             ... on level 3 of the Dungeon.
             The game lasted 00:16:27 (6018 turns).

Lemonice the Cutter (Halfling Warper)               Turns: 6018, Time: 00:16:28

Health: -19/46     AC: 12    Str: 12    XL:     7   Next: 67%
Magic:  9/10       EV: 12    Int: 11    God:
Gold:   101        SH:  0    Dex: 16    Spells: 6/10 levels left

rFire    + + .     SeeInvis .   a - +1 short sword
rCold    . . .     Gourm    .   (shield restricted)
rNeg     . . .     Faith    .   r - +2 scale mail {rF+}
rPois    .         Spirit   .   x - +0 helmet
rElec    .         Reflect  .   m - +0 cloak
rCorr    .         Harm     .   d - +0 pair of gloves
MR       .....     Rnd*Tele +   (no boots)
Stlth    +.........             (no amulet)
HPRegen  0.15/turn              n - ring of protection from fire
MPRegen  0.12/turn              y - ring of teleportation (curse)

@: very slightly contaminated
A: small, mutation resistance 1
a: no special abilities


You were on level 3 of the Dungeon.
You were hungry.

You visited 1 branch of the dungeon, and saw 4 of its levels.

You collected 101 gold pieces.

Inventory:

Hand Weapons
 a - a +1 short sword (weapon)
Missiles
 c - 107 stones
 e - 3 boomerangs of dispersal (quivered)
 o - 91 arrows
Armour
 b - a +0 leather armour
 d - a +0 pair of gloves (worn)
 m - a +0 cloak (worn)
 p - a +0 chain mail
 r - a +2 scale mail of fire resistance (worn)
 x - a +0 helmet (worn)
Jewellery
 n - a ring of protection from fire (left hand)
 y - a cursed ring of teleportation (right hand)
Wands
 s - a wand of flame (8)
Scrolls
 g - 4 scrolls of identify
 h - a scroll of magic mapping
 q - a scroll of teleportation {unknown}
Potions
 i - a potion of heal wounds
 j - a potion of flight {unknown}
 k - a potion of berserk rage {unknown}
 l - a potion of haste {unknown}
 w - a potion of curing {unknown}
Comestibles
 f - 3 rations
 t - 3 chunks of flesh


   Skills:
 + Level 3.2 Fighting
 + Level 4.5 Short Blades
 - Level 1.0 Throwing
 + Level 3.3 Armour
 - Level 3.2 Dodging
 - Level 1.8 Stealth
 - Level 2.1 Spellcasting
 + Level 2.9 Charms
 + Level 4.5 Translocations


You had 6 spell levels left.
You knew the following spells:

 Your Spells              Type           Power        Failure   Level  Hunger
a - Blink                 Tloc           N/A          32%         2    ###....
b - Shroud of Golubria    Chrm/Tloc      #.....       41%         2    ###....

Your spell library contained the following spells:

 Spells                   Type           Power        Failure   Level  Hunger
 Gell's Gravitas          Tloc           ##........   54%         3    ####...
 Lesser Beckoning         Tloc           ##........   54%         3    ####...
 Teleport Other           Tloc           ##......     54%         3    ####...
 Passage of Golubria      Tloc           N/A          91%         4    #####..


Dungeon Overview and Level Annotations

Branches:
Dungeon (4/15)
 Temple: D:4-7

Altars:
Elyvilon
Fedhas
Makhleb
Qazlal


Innate Abilities, Weirdness & Mutations

You are small and have problems with some larger weapons.
You are somewhat resistant to further mutation.


Message History

The ogre hits you with a +0 giant spiked club!!
You hit the ogre.
The ogre is moderately wounded.
You puncture the ogre!
The ogre is severely wounded.
The ogre hits you with a +0 giant spiked club!
* * * LOW HITPOINT WARNING * * *
You hit the ogre but do no damage.
The ogre is severely wounded.
The ogre barely misses you.
You hit the ogre but do no damage.
The ogre is severely wounded.
Your scale mail prevents you from hitting the ogre.
The ogre is severely wounded.
The ogre closely misses you.
You hit the ogre.
The ogre is severely wounded.
The ogre hits you with a +0 giant spiked club!!
Ouch! That really hurt!
You die...

##.##.####....## #.... ###.##.#
#.#### ###.... # #...#..####.#
###...<.. # #)###..#....#
#######...#..). # ###[###....####
#.......#####.. #
#.......#..######.####### ###
###.................#### ########
<##......#.....#...#...###.......
..####..#..##...@.......#..##.###
#..>......###..O..............# #
######.....##..............######
##.)##..#............######..
#.....#.............## #....#
#.#..................# #...##
##.####.>.........###.###...#
#..# #..###.###.............#
#.## #.##○...§#.............##


You could see an ogre.

Vanquished Creatures
  Sigmund (D:2)
  An orc priest (D:3)
  A hound (D:4)
  Terence (D:1)
  Jessica (D:2)
  2 orc wizards
  Natasha (thrice) (D:2)
  A worker ant (D:3)
  5 adders
  3 oozes
  2 worms
  5 leopard geckos
  13 orcs
  8 bats
  5 giant cockroaches
  5 hobgoblins
  A jackal (D:2)
  8 kobolds
  A quokka (D:2)
  A ball python (D:2)
  7 frilled lizards
  8 goblins
  20 rats
  7 plants (D:3)
110 creatures vanquished.

Notes
Turn   | Place    | Note
-------+----------+-------------------------------------------
     0 | D:1      | Lemonice the Halfling Warper began the quest for the Orb.
     0 | D:1      | Reached XP level 1. HP: 14/14 MP: 3/3
   230 | D:1      | Reached XP level 2. HP: 19/19 MP: 4/4
   699 | D:1      | Reached XP level 3. HP: 16/24 MP: 5/5
   843 | D:1      | Learned a level 2 spell: Blink
   846 | D:1      | Learned a level 2 spell: Shroud of Golubria
  1850 | D:2      | Noticed Terence
  2078 | D:2      | Reached XP level 4. HP: 29/29 MP: 6/6
  2079 | D:2      | Found a white marble altar of Elyvilon.
  2135 | D:2      | Noticed Sigmund
  2137 | D:2      | Noticed Jessica
  2309 | D:1      | Killed Terence
  2309 | D:1      | Reached skill level 1 in Stealth
  2692 | D:2      | Noticed Natasha
  2710 | D:2      | Killed Natasha
  2710 | D:2      | Reached XP level 5. HP: 19/34 MP: 7/7
  2720 | D:2      | Reached skill level 1 in Charms
  2739 | D:2      | Noticed Natasha
  2751 | D:2      | Killed Natasha
  2935 | D:2      | Noticed Natasha
  2959 | D:2      | Killed Natasha
  3641 | D:2      | Reached XP level 6. HP: 37/40 MP: 6/9
  3927 | D:2      | Killed Sigmund
  3927 | D:2      | Reached XP level 7. HP: 30/45 MP: 2/10
  3984 | D:2      | Killed Jessica
  4181 | D:3      | Found a stormy altar of Qazlal.
  4611 | D:3      | Found a blossoming altar of Fedhas.
  4613 | D:3      | Found a burning altar of Makhleb.
  5584 | D:4      | Identified the +3 short sword of Honesty {freeze, MP+9
                  | Int+2}
  6018 | D:3      | Demolished by an ogre

Levels and vault maps discovered:
D:1:      onia_arrival_larder, layout_basic
D:2:      minmay_recursive_quarters, layout_rooms, overflow_temple_1_default,
          uniq_natasha, uniq_sigmund, uniq_terence, uniq_jessica
D:3:      layout_rooms, chequers_temple_overflow_statue_of_worship,
          wad_woods_river_04, grunt_qazlal_clouds
D:4:      layout_basic, first_ration, uniq_pikel

Skill      XL: |  1  2  3  4  5  6  7 |
---------------+----------------------+-----
Short Blades   | 3 4 |  4.5
Fighting       | 2 3 |  3.2
Dodging        | 3 |  3.2
Stealth        | 1 |  1.8
Armour         | 2 3 |  3.3
Charms         | 1 2 |  2.9
Spellcasting   | 2 |  2.1
Translocations | 4 |  4.5
Throwing       | |  1.0

Action                   |  1- 3 |  4- 6 |  7- 9 || total
-------------------------+-------+-------+-------++-------
Melee: Short sword       |   139 |   227 |   861 ||  1227
Throw: Boomerang         |       |       |     2 ||     2
 Cast: Blink             |     3 |     5 |     3 ||    11
       Shroud of Golubri |     1 |     7 |     7 ||    15
  Use: Scroll            |       |     1 |     7 ||     8
       Potion            |       |       |     1 ||     1
 Stab: Sleeping          |     1 |     1 |       ||     2
  Eat: Ration            |     1 |     2 |     2 ||     5
       Chunk             |     1 |     3 |       ||     4
Armor: Leather armour    |    18 |    30 |       ||    48
       Chain mail        |       |    39 |       ||    39
       Scale mail        |       |     5 |   108 ||   113
Dodge: Dodged            |    99 |   160 |   151 ||   410
